 Dungeon Crawl Stone Soup version 0.16-a0-253-g996e5b4 (webtiles) character file.

59 Tangento the Gusty (level 4, 22/25 HPs)
             Began as a Tengu Air Elementalist on Aug 23, 2014.
             Quit the game on Level 2 of the Dungeon.
             The game lasted 00:08:11 (1252 turns).

Tangento the Gusty (Tengu Air Elementalist)         Turns: 1252, Time: 00:08:11

HP  22/25        AC  2     Str  9      XL: 4   Next:  3%
MP   8/8         EV 13     Int 16      God:
Gold 83          SH  0     Dex 16      Spells:  1 memorised,  6 levels left

rFire  . . .     SeeInvis .     f - +2 dagger (drain)
rCold  . . .     Clarity  .     a - +0 robe
rNeg   . . .     rCorr    .     (no shield)
rPois  .         rRot     .     (helmet restricted)
rElec  .         Spirit   .     (no cloak)
SustAb .         Warding  .     (no gloves)
rMut   .         Stasis   .     (boots unavailable)
Gourm  .                        (no amulet)
MR     .....                    o - ring of stealth
                                l - +2 ring of dexterity

@: drained, not resistant to hostile enchantments, fairly stealthy
A: beak, talons 3
a: no special abilities


You were on level 2 of the Dungeon.
You were hungry.

You visited 1 branch of the dungeon, and saw 2 of its levels.

You collected 83 gold pieces.

Inventory:

Hand weapons
 f - a +2 dagger of draining (weapon)
Armour
 a - a +0 robe (worn)
 d - a +0 buckler
Comestibles
 c - 2 bread rations
 n - a slice of pizza
 r - a beef jerky
 t - a meat ration
Scrolls
 g - a scroll of magic mapping {unknown}
 i - a scroll of immolation {unknown}
 m - 2 scrolls of identify {unknown}
 p - a scroll of enchant armour {unknown}
 s - 2 scrolls of remove curse {unknown}
Jewellery
 l - a +2 ring of dexterity (left hand)
 o - a ring of stealth (right hand)
Potions
 e - a potion of decay {unknown}
 h - a potion of resistance {unknown}
 j - a potion of heal wounds {unknown}
 k - 2 potions of curing {unknown}
 q - a potion of haste {unknown}
Books
 b - a book of Air

   Spells                             Type                      Level
   *Shock                             Conjuration/Air              1
   Swiftness                          Charms/Air                   2
   Repel Missiles                     Charms/Air                   2
   Flight                             Charms/Air                   3
   Static Discharge                   Conjuration/Air              3
   Lightning Bolt                     Conjuration/Air              5


   Skills:
 - Level 1.4(1.3) Fighting
 - Level 2.1 Dodging
 - Level 2.0(1.9) Stealth
 + Level 3.0(2.9) Shields
 - Level 2.0(1.9) Spellcasting
 - Level 1.3 Conjurations
 - Level 4.0(3.9) Air Magic


You had 6 spell levels left.
You knew the following spells:

 Your Spells              Type           Power        Failure   Level  Hunger
a - Shock                 Conj/Air       #...         10%         1    #......


Dungeon Overview and Level Annotations

Branches:
Dungeon (2/15)

Altars:
Nemelex Xobeh
Vehumet


Innate Abilities, Weirdness & Mutations

You have a beak for a mouth.
You have claws for feet.


Message History

m - 2 scrolls labeled TRUSUOMUSA (gained 1)
Found a radiant altar of Vehumet.
Found 8 stones.
A goblin comes into view.
A goblin is nearby!
The goblin shouts!
The goblin hits you.
You hit the goblin.
You kill the goblin!
You see here a goblin corpse.
A giant mite comes into view.
Found a stone staircase leading down.
A giant mite is nearby!
The helpless giant mite fails to defend itself.
You puncture the giant mite!
You kill the giant mite!
Your Shields skill increases to level 3!
You have reached level 4!
You feel stronger.
Are you sure you want to abandon this character and quit the game? (Confirm with "yes".)

.....#.# #.# #..#.#
.....#.# #.# #..#.#
.....#.# #.#......#
#...##.# #.#.#..#.#
#...##.# ###.#.#..#.
#...##.# #...#.#..#
#...##.# #.# ..#..# #
#...##.# #.# ..#%.#.#
#...##.# #.# #.#@...#
#...##.# #.# #.#.#..#
....##%###.###.#.#.>#
....##.........#....#
.....#####.####...#.#
.(............+.....#
...........####...###
............# #####
...........##


There were no monsters in sight!

Vanquished Creatures
  2 adders
  A giant mite (D:2)
  A giant gecko (D:2)
  2 oozes
  A ball python (D:2)
  5 goblins
  3 hobgoblins
  3 bats (D:1)
  4 giant newts
  6 kobolds (D:1)
  5 rats
33 creatures vanquished.

Notes
Turn   | Place    | Note
--------------------------------------------------------------
     0 | D:1      | Tangento, the Tengu Air Elementalist, began the quest for the Orb.
     0 | D:1      | Reached XP level 1. HP: 10/10 MP: 3/3
   102 | D:1      | Reached skill level 1 in Fighting
   113 | D:1      | Found a sparkling altar of Nemelex Xobeh.
   249 | D:1      | Reached XP level 2. HP: 13/16 MP: 0/5
   253 | D:1      | Reached skill level 1 in Shields
   779 | D:1      | Reached XP level 3. HP: 16/20 MP: 0/7
  1216 | D:2      | Found a radiant altar of Vehumet.
  1251 | D:2      | Reached XP level 4. HP: 21/25 MP: 8/8
  1252 | D:2      | Quit the game

Action                   |  1- 3 |  4- 6 || total
-------------------------+-------+-------++-------
Melee: Unarmed           |     1 |       ||     1
       Dagger            |    28 |       ||    28
 Cast: Shock             |    38 |       ||    38
 Stab: Sleeping          |     5 |       ||     5
  Eat: Chunk             |     1 |       ||     1
